Map: Para Site LE

Players

woof - Winner!

  • Race: Zerg Zerg
  • League: Platinum
  • Spawn Location: 11:00

ViSioNary

  • Race: Zerg Zerg
  • League: Diamond
  • Spawn Location: 5:00

VOD

Have the link to the VOD?

Description

The game is a regular game for about 8 mins, and then...

Time

  • Played on: Sept. 6, 2018, 4:50 p.m.
  • Length: 26:28
Show
View Real Time Build Order
Export as new Build Order

woof Zerg - Winner!

Build Orders: Hatch First, Muta Ling Bane 

Get SALT Encoding   

  12  0:01  Drone  
  13  0:13  Overlord  
  13  0:18  Drone  
  14  0:31  Drone x2  
  16  0:38  Drone  
  17  0:54  Hatchery  
  16  0:58  Drone  
  17  1:04  Extractor  
  16  1:13  Spawning Pool  
  15  1:22  Drone x2  
  17  1:32  Drone  
  18  1:47  Drone  
  18  1:49  Overlord  
  19  2:12  Queen x2  
  19  2:13  Zergling x4  
  19  2:14  Zergling x2  
  26  2:16  Drone  
  26  2:18  Drone  
  28  2:31  Drone x2  
  28  2:34  Metabolic Boost  
  30  2:38  Drone x2  
  32  2:52  Queen  
  32  2:53  Queen  
  36  3:18  Baneling Nest  
  36  3:19  Spine Crawler  
  31  3:22  Spine Crawler, Zergling x2  
  31  3:23  Drone x2, Zergling x6  
  36  3:37  Spine Crawler  
  35  3:43  Zergling x2  
  36  3:49  Extractor  
  22  4:26  Zergling x10  
  22  4:27  Zergling x12  
  33  4:36  Queen  
  35  4:39  Zergling x2  
  36  4:50  Baneling x6  
  33  5:13  Baneling x3  
  33  5:14  Baneling x9  
  33  5:19  Overlord x2  
  33  5:31  Lair  
  33  5:35  Overlord  
  31  6:10  Hatchery  
  29  6:16  Drone x3  
  32  6:40  Centrifical Hooks  
  32  6:42  Drone x2  
  32  6:43  Drone x2  
  32  6:46  Drone  
  37  6:53  Drone  
  38  7:13  Spine Crawler  
  37  7:17  Spine Crawler  
  36  7:32  Unknown  
  36  7:38  Drone x9  
  45  7:50  Spire  
  44  8:06  Extractor  
  44  8:08  Extractor  
  42  8:26  Drone x10  
  52  8:35  Spore Crawler  
  51  8:55  Queen x2  
  35  9:21  Mutalisk, Corruptor x2  
  33  9:31  Queen x2  
  27  9:37  Corruptor  
  24  10:02  Corruptor  
  22  10:10  Corruptor  
  14  10:30  Corruptor  
  2  10:59  Drone  
  1  12:18  Drone  
  2  12:38  Drone  
  3  13:02  Drone  
  4  13:17  Drone  
  5  13:29  Drone  
  6  13:43  Drone  
  7  13:51  Drone  
  8  13:58  Drone  
  9  14:13  Drone x2  
  11  14:28  Drone  
  11  14:30  Drone  
  13  14:34  Drone  
  14  14:46  Drone  
  14  14:49  Drone  
  14  14:52  Drone  
  17  15:01  Queen  
  19  15:22  Drone x4  
  23  15:56  Hatchery  
  22  16:01  Drone  
  23  16:30  Queen  
  25  16:33  Drone x3  
  28  16:42  Drone  
  28  16:43  Drone  
  28  16:46  Drone  
  31  16:50  Drone  
  32  16:55  Drone  
  32  17:00  Drone  
  34  17:17  Queen  
  34  17:19  Drone x2  
  38  17:29  Drone x4  
  42  17:41  Extractor  
  41  17:47  Hatchery  
  40  18:13  Drone x6  
  46  18:25  Drone x6  
  46  18:26  Overlord  
  52  18:27  Overlord  
  52  19:03  Drone x2  
  52  19:04  Drone x4  
  52  19:05  Extractor  
  52  19:06  Queen  
  52  19:07  Queen  
  52  19:08  Extractor, Queen  
  62  19:30  Spire  
  61  19:36  Hatchery  
  60  19:49  Evolution Chamber  
  59  20:10  Zergling x26  
  59  20:11  Overlord, Zergling x4  
  59  20:12  Overlord x3  
  74  20:27  Infestation Pit  
  74  20:28  Zerg Missile Weapons Level 1  
  73  20:54  Drone x5  
  73  20:55  Overlord x2  
  78  20:57  Mutalisk  
  78  20:58  Zergling x10  
  78  20:59  Overlord x2  
  78  21:00  Zergling x6  
  78  21:04  Hive  
  88  21:07  Drone x2  
  88  21:08  Drone x4  
  94  21:26  Mutalisk  
  94  21:27  Zergling x2  
  94  21:28  Corruptor x3  
  103  22:01  Corruptor x5  
  103  22:02  Corruptor  
  103  22:04  Extractor, Drone x8  
  103  22:05  Drone x2  
  103  22:06  Extractor  
  123  22:25  Corruptor x6  
  123  22:28  Greater Spire  
  135  22:44  Corruptor  
  135  22:45  Corruptor x2  
  141  22:55  Ultralisk Cavern  
  141  22:56  Hatchery  
  141  22:57  Drone x5  
  144  23:01  Overlord  
  144  23:02  Overlord x2  
  144  23:12  Zerg Ground Armor Level 1  
  144  23:20  Evolution Chamber  
  144  23:25  Corruptor x2  
  147  23:30  Corruptor  
  147  23:31  Corruptor x3  
  155  23:44  Zerg Flyer Weapons Level 1  
  155  23:47  Chitinous Plating, Extractor  
  154  23:50  Brood Lord x2  
  154  23:51  Brood Lord  
  154  23:52  Brood Lord, Extractor  
  154  23:55  Zerg Melee Weapons Level 1  
  161  24:07  Brood Lord x3  
  167  24:13  Mutalisk  
  167  24:14  Mutalisk, Zergling x4  
  174  24:23  Mutalisk, Zergling x4  
  156  24:24  Zergling x4  
  156  24:25  Zergling x2  
  156  24:29  Mutalisk, Zergling x4  
  156  24:30  Zergling x4  
  156  24:31  Zergling x2  
  159  24:32  Zergling x2  
  159  24:33  Zergling x2  
  142  24:47  Brood Lord x3  
  148  24:58  Mutalisk x3  
  148  24:59  Mutalisk  
Show
View Real Time Build Order
Export as new Build Order

ViSioNary Zerg 

Build Orders: Pool First 

Get SALT Encoding   

  12  0:01  Drone  
  13  0:12  Overlord  
  13  0:17  Drone  
  14  0:32  Drone x2  
  14  0:35  Drone  
  17  0:46  Drone  
  18  0:50  Spawning Pool  
  18  0:51  Extractor  
  18  0:53  Extractor  
  18  0:56  Drone  
  16  1:07  Drone  
  17  1:22  Hatchery  
  16  1:26  Drone  
  17  1:33  Drone  
  18  1:40  Drone  
  18  1:45  Queen  
  21  1:53  Metabolic Boost  
  21  1:57  Drone  
  22  2:05  Overlord  
  22  2:30  Zergling x4  
  24  2:42  Zergling x4  
  26  2:47  Zergling x4  
  26  2:48  Baneling Nest  
  27  2:56  Zergling x8  
  33  3:09  Queen  
  33  3:22  Drone x3  
  33  3:25  Overlord  
  36  3:41  Baneling x6  
  36  3:43  Drone x2  
  36  3:47  Drone  
  34  4:21  Zergling x10  
  34  4:23  Drone x2  
  41  4:27  Drone x3  
  41  4:29  Overlord  
  44  4:31  Lair  
  44  5:06  Baneling  
  44  5:07  Baneling x3  
  44  5:09  Overlord  
  44  5:10  Drone x5  
  44  5:11  Zergling x6  
  44  5:12  Overlord x2  
  52  5:16  Extractor  
  52  5:18  Extractor  
  50  5:27  Baneling  
  50  5:28  Baneling  
  50  5:38  Drone x5  
  50  5:42  Drone x2  
  57  5:43  Spire, Drone  
  55  6:16  Baneling x2, Zergling x4  
  55  6:17  Zergling x6  
  60  6:19  Baneling x3  
  60  6:20  Baneling  
  60  6:27  Queen  
  60  6:28  Spore Crawler, Queen  
  60  6:32  Spore Crawler  
  62  6:37  Overlord x3  
  60  7:06  Overseer  
  60  7:09  Mutalisk x9  
  60  7:10  Mutalisk  
  80  7:23  Drone  
  80  7:24  Drone x2  
  83  7:34  Hatchery  
  82  7:50  Mutalisk x2  
  82  7:51  Mutalisk x3  
  86  7:57  Overlord x2  
  92  8:04  Overlord x3  
  92  8:27  Mutalisk  
  92  8:28  Mutalisk x3  
  100  9:09  Zergling x12  
  84  9:32  Zergling x2  
  84  9:33  Zergling x12  
  89  10:11  Zergling x2  
  89  10:12  Zergling x24  
  99  13:03  Baneling  
  99  13:04  Baneling x17  
  99  13:05  Baneling x26  
  99  13:06  Baneling x23  
  99  13:08  Baneling x4  
  99  13:09  Zergling x2  
  99  13:10  Zergling x30  
  115  13:30  Centrifical Hooks  
  115  13:33  Baneling x9  
  115  13:34  Baneling x23  
  115  20:20  Zergling x2  
  115  20:21  Zergling x28  
  130  23:01  Baneling x14  
  130  23:02  Baneling x16  
Tags
 
Add a new tag
Caveats
  • Supply blocks, unpowered buildings, or Contaminate may cause inaccurate times.
  • Supply counts are checked every 10 seconds.